 Dungeon Crawl Stone Soup version 0.28-a0-589-g333b8329f1 (webtiles) character file.

Game seed: 5646234551643407934

2 lawman0 the Skirmisher (level 1, 0/24 HPs)
             Began as an Ogre Cinder Acolyte on Oct 3, 2021.
             Was a High Priest of Ignis.
             Slain by a kobold (3 damage)
             ... on level 1 of the Dungeon.
             The game lasted 00:00:43 (45 turns).

lawman0 the Skirmisher (Ogre Cinder Acolyte)          Turns: 45, Time: 00:00:43

Health: 0/24       AC:  3    Str: 17    XL:     1   Next: 40%
Magic:  2/2        EV:  9    Int: 15    God:    Ignis [*****.]
Gold:   0          SH:  0    Dex:  4    Spells: 2/2 levels left

rFire   + . .      SeeInvis .   a - -1 mace (flame)
rCold   . . .      Faith    .   (no shield)
rNeg    . . .      Spirit   .   b - +0 robe
rPois   .          Reflect  .   (helmet restricted)
rElec   .          Harm     .   (no cloak)
rCorr   .          Rampage  .   (gloves unavailable)
Will    .....                   (boots unavailable)
Stlth   +.........              (no amulet)
HPRegen 0.08/turn               (no ring)
MPRegen 0.08/turn               (no ring)

@: no status effects
A: large, unfitting armour, tough skin 1
a: Renounce Religion, Sea of Fire, Foxfire Swarm, Rising Flame


You were on level 1 of the Dungeon.
You worshipped Ignis.
Ignis was extremely pleased with you.
You visited 1 branch of the dungeon, and saw 1 of its levels.

Inventory:

Hand Weapons
 a - a -1 mace of flaming (weapon)
Armour
 b - a +0 robe (worn)


   Skills:
 + Level 4.0 Fighting
 * Level 2.9 Maces & Flails
 + Level 1.2 Spellcasting
 + Level 2.6 Fire Magic


You had 2 spell levels left.
You didn't know any spells.
Your spell library contained the following spells:

 Spells                   Type           Power      Damage    Failure   Level
 Scorch                   Fire           16%        2d5       12%         2


Dungeon Overview and Level Annotations

Branches:
Dungeon (1/15)

Altars:


Innate Abilities, Weirdness & Mutations

You are too large for most types of armour.
You have tough skin. (AC +1)


Message History

You barely miss the kobold. The kobold closely misses you.
You closely miss the kobold.
A bat comes into view.
The kobold hits you but does no damage. The bat misses you.
Things that are here:
a +0 club; a +0 leather armour You miss the bat.
The bat hits you but does no damage.
The kobold throws a stone.
The stone hits you but does no damage. The bat barely misses you.
The kobold completely misses you.
You barely miss the kobold. The bat hits you but does no damage.
The kobold hits you with a +0 short sword.
The bat barely misses you. The kobold barely misses you.
You closely miss the kobold. The bat hits you but does no damage.
The kobold hits you with a +0 short sword.
You hit the kobold but do no damage. The bat hits you but does no damage.
The kobold hits you with a +0 short sword.
The bat closely misses you.
Things that are here:
a +0 club; a +0 leather armour The bat hits you.
You barely miss the bat. The bat closely misses you.
The bat hits you but does no damage. The bat hits you.
The bat closely misses you.
You hit the bat. You burn the bat.
You kill the bat!
The kobold hits you with a +0 short sword.
* * * LOW HITPOINT WARNING * * *
You closely miss the kobold.
The kobold hits you with a +0 short sword.
* * * LOW HITPOINT WARNING * * *
You hit the kobold but do no damage.
The kobold hits you with a +0 short sword.
* * * LOW HITPOINT WARNING * * *
You closely miss the kobold. The kobold barely misses you.
Unknown command.
You don't know any spells.
You barely miss the kobold. The kobold barely misses you.
The kobold hits you with a +0 short sword.
You die...

#.'≈≈≈≈≈≈≈#
#.#########
#.#####.#
#.##.##.#
##.....#.#
+........#
####...#(#
##.##.#
....#@#
####.#K#
.#.# #....#
#......#
#.#....# #
#.#### ..
.##


You could see a kobold.

Vanquished Creatures
  A bat (D:1)
  A kobold (D:1)
2 creatures vanquished.

Notes
Turn   | Place    | Note
-------+----------+-------------------------------------------
     0 | D:1      | lawman0 the Ogre Cinder Acolyte began the quest for the
                  | Orb.
     0 | D:1      | Reached XP level 1. HP: 24/24 MP: 2/2
    45 | D:1      | Slain by a kobold

Illustrated notes

Levels and vault maps discovered:
D:1:      lightli_arrival_flooded_house, layout_loops_corners,
          minmay_pentomino_v2

Action                   || total
-------------------------++-------
Melee: Mace              ||    14
Armor: Robe              ||     8
Dodge: Dodged            ||    12

Table legend: (Time is in decaauts)
 A = Elapsed time spent in this place.
 B = Non-inter-level travel time spent in this place.
 C = Inter-level travel time spent in this place.
 D = Time resting spent in this place.
 E = Time spent auto-exploring this place.
 F = Levels seen in this place.
 G = Mean time per level.
                   A        B        C        D        E       F      G
               +--------+--------+--------+--------+--------+-----+--------+
         Total |     49 |     49 |      0 |      0 |     17 |   1 |   49.0 |
       Dungeon |     49 |     49 |      0 |      0 |     17 |   1 |   49.0 |
               +--------+--------+--------+--------+--------+-----+--------+

Top non-repeatable levels by time:
     D:1: 49 daAuts
